 Dungeon Crawl Stone Soup version 0.25-a0-426-g7d9e569eea (webtiles) character file.

Game seed: 9613844252913350424, levelgen mode: deterministic

316 kae the Changer (level 6, -14/34 HPs)
             Began as a Tengu Transmuter on Jan 24, 2020.
             Demolished by an ogre
             ... wielding a +0 giant club
              (26 damage)
             ... on level 4 of the Dungeon.
             The game lasted 00:03:47 (3190 turns).

kae the Changer (Tengu Transmuter)                  Turns: 3190, Time: 00:03:48

Health: -14/34     AC:  8    Str: 10    XL:     6   Next: 44%
Magic:  11/11      EV: 15    Int: 19    God:
Gold:   120        SH:  0    Dex: 16    Spells: 5/11 levels left

rFire    . . .     SeeInvis .     - Unarmed
rCold    . . .     Gourm    .   (no shield)
rNeg     . . .     Faith    .   b - +1 robe
rPois    .         Spirit   .   (helmet restricted)
rElec    .         Reflect  .   (no cloak)
rCorr    .         Harm     .   (no gloves)
MR       +....                  (boots unavailable)
Stlth    +.........             (no amulet)
HPRegen  0.11/turn              j - +5 ring of protection
MPRegen  0.12/turn              i - ring of protection from magic

@: confused, brilliant, flying quickly and evasively, quick
A: beak, talons 3, able to fly
a: Fly


You were on level 4 of the Dungeon.
You were not hungry.

You visited 1 branch of the dungeon, and saw 4 of its levels.

You collected 120 gold pieces.

Inventory:

Missiles
 a - 12 arrows
 e - 7 boomerangs (quivered)
Armour
 b - a +1 robe (worn)
Jewellery
 c - a +1 ring of evasion
 f - an uncursed ring of ice {unknown}
 i - a ring of protection from magic (right hand)
 j - a +5 ring of protection (left hand)
 p - an uncursed ring of magical power
Potions
 g - 2 potions of brilliance
 k - a potion of ambrosia
 m - a potion of lignification {unknown}
 n - a potion of heal wounds {unknown}
 o - a potion of curing {unknown}
Comestibles
 d - 6 rations
 l - 3 chunks of flesh


   Skills:
 - Level 1.0 Fighting
 - Level 2.1 Dodging
 + Level 4.0 Unarmed Combat
 - Level 3.0 Spellcasting
 * Level 4.7 Transmutations


You had 5 spell levels left.
You knew the following spells:

 Your Spells              Type           Power        Failure   Level  Hunger
a - Beastly Appendage     Tmut           ####..       1%          1    None
b - Sticks to Snakes      Tmut           ####....     1%          2    ##.....
c - Spider Form           Tmut/Pois      ###.......   2%          3    ###....

Your spell library contained the following spells:

 Spells                   Type           Power        Failure   Level  Hunger
 Ice Form                 Ice/Tmut       ###.....     7%          4    ####...
 Blade Hands              Tmut           ####......   7%          5    ######.


Dungeon Overview and Level Annotations

Branches:
Dungeon (4/15)
 Temple: D:4-7

Altars:
Ashenzari

Annotations:
D:3 3 runed translucent doors, LostGamesStreakFreak's ghost, amateur MfSk


Innate Abilities, Weirdness & Mutations

You have a beak for a mouth.
You have claws for feet.
You can fly continuously.


Message History

You feel invigorated.
The orc shouts!
You barely miss the ogre. You claw the ogre, but do no damage.
The ogre is lightly wounded.
The ogre barely misses you.
You miss the orc. Your kick misses the orc. The orc misses you.
The ogre hits you with a +0 giant club.
You closely miss the ogre. You claw the ogre, but do no damage.
The ogre is lightly wounded.
The orc hits you but does no damage.
You closely miss the ogre.
The ogre is lightly wounded.
The ogre hits you with a +0 giant club!
* * * LOW HITPOINT WARNING * * *
The orc hits you with a +0 club.
* * * LOW HITPOINT WARNING * * *
You bump into the rock wall.
The ogre hits you with a +0 giant club!!
Ouch! That really hurt!
You die...

### ..# #.# #.# ##.#
...# #..#
#..####################.
....<.....#....O@ooo.>..
#..######.#.###########.
#..# #.#.# ...# #.#.#
#.## #.#.# #.# #!..# ..#
##### ###


You could see an ogre, an orc wizard and 2 orcs.

Vanquished Creatures
  A scorpion (D:4)
  4 orc wizards
  2 hound skeletons (D:4)
  3 gnolls
  3 adders
  2 worms
  4 dart slugs
  A leopard gecko (D:3)
  5 orcs
  A ball python (D:1)
  9 bats
  5 giant cockroaches
  4 goblins (D:2)
  8 hobgoblins
  4 kobolds
  2 quokkas (D:3)
  5 frilled lizards
  9 rats
72 creatures vanquished.

Notes
Turn   | Place    | Note
-------+----------+-------------------------------------------
     0 | D:1      | kae the Tengu Transmuter began the quest for the Orb.
     0 | D:1      | Reached XP level 1. HP: 12/12 MP: 4/4
   202 | D:1      | Reached XP level 2. HP: 16/16 MP: 6/6
   620 | D:2      | Reached XP level 3. HP: 13/20 MP: 5/7
  1040 | D:2      | Found a faded altar of an unknown god.
  1424 | D:1      | Learned a level 2 spell: Sticks to Snakes
  1428 | D:1      | Learned a level 3 spell: Spider Form
  1442 | D:2      | Reached XP level 4. HP: 5/25 MP: 6/9
  2093 | D:3      | Found a shattered altar of Ashenzari.
  2333 | D:3      | Found a runed translucent gate.
  2333 | D:3      | Noticed LostGamesStreakFreak's ghost (amateur MfSk)
  2334 | D:3      | Found a runed translucent gate.
  2334 | D:3      | Found a runed translucent gate.
  2611 | D:3      | Gained mutation: You can fly continuously. [Tengu growth]
  2611 | D:3      | Reached XP level 5. HP: 17/29 MP: 8/10
  3084 | D:4      | Reached XP level 6. HP: 25/34 MP: 11/11
  3190 | D:4      | Demolished by an ogre

Levels and vault maps discovered:
D:1:      psy_arrival_dodecagon, layout_basic
D:2:      layout_rooms, chequers_ecumenical_altar_simple_redux,
          minmay_indecisive_spiral
D:3:      layout_loops_ring, evilmike_ruin_ashenzari, gammafunk_ghost_split
D:4:      layout_loops_ring, ebering_ghost_rock_garden,
          nicolae_ossuary_entry_monument, minmay_ruined_shrine,
          uniq_blork_the_orc

Skill      XL: |  1  2  3  4  5  6 |
---------------+-------------------+-----
Transmutations | 2 3 4 |  4.7
Spellcasting   | 3 |  3.0
Unarmed Combat | 4 |  4.0
Fighting       | |  1.0
Dodging        | |  2.1

Action                   |  1- 3 |  4- 6 || total
-------------------------+-------+-------++-------
Melee: Unarmed           |   104 |   127 ||   231
       Kick              |    19 |    29 ||    48
       Headbutt          |    12 |    11 ||    23
       Peck              |    12 |    13 ||    25
 Cast: Beastly Appendage |    19 |    19 ||    38
       Spider Form       |     1 |     2 ||     3
  Use: Scroll            |     3 |     4 ||     7
       Potion            |       |     3 ||     3
 Stab: Sleeping          |     1 |     1 ||     2
  Eat: Chunk             |     1 |     7 ||     8
Armor: Robe              |    33 |    28 ||    61
Dodge: Dodged            |    86 |    75 ||   161

Table legend:
 A = Non-vault XP
 B = Vault XP
 C = Vault XP percentage of total XP
 D = Non-vault monster count
 E = Vault monster count
 F = Vault count percentage of total count
                 A         B        C        D         E       F
            +---------+---------+-------+---------+---------+-------
      Total |     294 |     158 |  35.0 |      64 |       8 |  11.1
            +---------+---------+-------+---------+---------+-------
        D:1 |      31 |       0 |   0.0 |      11 |       0 |   0.0
        D:2 |      64 |       5 |   7.2 |      22 |       4 |  15.4
        D:3 |     109 |       0 |   0.0 |      25 |       0 |   0.0
        D:4 |      90 |     153 |  63.0 |       6 |       4 |  40.0
            +---------+---------+-------+---------+---------+-------
